 Dungeon Crawl Stone Soup version 0.29.1-1-gd02db6906a (webtiles) character file.

Game seed: 2370178348517716520

2 MatsuoBasho the Twirler (level 1, -3/17 HPs)
             Began as a Draconian Gladiator on Oct 12, 2022.
             Killed by nerve-wracking pain
             ... invoked by Jessica
              (5 damage)
             ... on level 2 of the Dungeon.
             The game lasted 00:00:54 (238 turns).

MatsuoBasho the Twirler (Draconian Gladiator)        Turns: 238, Time: 00:00:54

Health: -3/17      AC:  4    Str: 16    XL:     1   Next: 33%
Magic:  1/1        EV: 12    Int:  8    God:
Gold:   47         SH:  0    Dex: 12    Spells: 0/0 levels left

rFire   . . .      SeeInvis .   a - +0 quarterstaff
rCold   . . .      Faith    .   (shield currently unavailable)
rNeg    . . .      Spirit   .   (body armour unavailable)
rPois   .          Reflect  .   b - +0 hat
rElec   .          Harm     .   (no cloak)
rCorr   .          Rampage  .   (no gloves)
Will    .....                   (no boots)
Stlth   +.........              (no amulet)
HPRegen 0.05/turn               (no ring)
MPRegen 0.07/turn               (no ring)

@: no status effects
A: AC +4, unfitting armour, cold-blooded
a: no special abilities


You were on level 2 of the Dungeon.
You visited 1 branch of the dungeon, and saw 2 of its levels.

You collected 47 gold pieces.

Inventory:

Hand Weapons
 a - a +0 quarterstaff (weapon)
Missiles
 c - a throwing net (quivered)
 d - a javelin
Armour
 b - a +0 hat (worn)
Scrolls
 e - a scroll of summoning {unknown}
Potions
 f - a potion of ambrosia {unknown}
 g - 2 potions of might {unknown}


   Skills:
 * Level 2.2 Fighting
 * Level 3.0 Staves
 * Level 1.7 Throwing
 * Level 2.7 Dodging


You couldn't memorise any spells.
You didn't know any spells.
Your spell library was empty.

Dungeon Overview and Level Annotations

Branches:
Dungeon (2/15)

Altars:

Annotations:
D:2 Jessica


Innate Abilities, Weirdness & Mutations

Your plain brown scales are hard. (AC +4)
You cannot fit into any form of body armour.
You are cold-blooded and may be slowed by cold attacks.


Message History

The hobgoblin misses you.
You thump the hobgoblin!
You kill the hobgoblin!
Found 2 fuming red potions.
Found a stone staircase leading down.
g - 2 fuming red potions
Found 14 gold pieces.
An endoplasm comes into view.
You hit the endoplasm.
The endoplasm is heavily wounded.
The endoplasm freezes you.
You are frozen.
You feel yourself slow down.
You hit the endoplasm.
You kill the endoplasm!
You feel yourself speed up.
You now have 47 gold pieces (gained 14).
There is a stone staircase leading down here.
You climb downwards.
There is a stone staircase leading up here.
Jessica the Apprentice Sorceress comes into view.
She is wielding a +0 dagger.
Jessica shouts!
You closely miss Jessica. You tail-slap Jessica.
Jessica is moderately wounded.
Jessica hits you with a +0 dagger!
Throw: 3 throwing nets
Press: ? - help, Q - select action, (/) - cycle Shift-Dir - straight line, f - Jessica
Aim: Jessica, wielding a +0 dagger and wearing a +0 robe (moderately wounded, 57% to hit)
You throw a throwing net.
The throwing net closely misses Jessica.
Jessica hits you with a +0 dagger!
* * * LOW HITPOINT WARNING * * *
Unknown command.
Throw: 2 throwing nets
Press: ? - help, Q - select action, (/) - cycle Shift-Dir - straight line, f/p - Jessica
Aim: Jessica, wielding a +0 dagger and wearing a +0 robe (moderately wounded, 57% to hit)
You throw a throwing net.
The throwing net completely misses Jessica.
Jessica casts a spell at you. Pain shoots through your body!
You die...

#.# #.# .#
#######.#####.##.#
............<....#
#######.#####.......##
#.#####.#####.. .
#.......##... ..#
#######.##.##..###
#...........
###@.##.#### #@.#
#.... #.#.#.. #.#.# .#
#.... # #.###. #(. ..


You could see Jessica.

Vanquished Creatures
  An endoplasm (D:1)
  A hobgoblin (D:1)
2 creatures vanquished.

Notes
Turn   | Place    | Note
-------+----------+-------------------------------------------
     0 | D:1      | MatsuoBasho the Draconian Gladiator began the quest for the
                  | Orb.
     0 | D:1      | Reached XP level 1. HP: 17/17 MP: 1/1
   231 | D:2      | Noticed Jessica
   238 | D:2      | Killed from afar by Jessica

Illustrated notes

Levels and vault maps discovered:
D:1:      dpeg_arrival_chambers_temple_mockup, layout_basic,
          wander_ebering_terrifying_dragon_lair
D:2:      layout_loops_cross, serial_shops, shop_fountains, grunt_ministairs_8,
          minmay_misc_feat_rows, uniq_terence, uniq_robin, uniq_jessica,
          uniq_crazy_yiuf_cottage

Action                   || total
-------------------------++-------
Melee: Quarterstaff      ||     4
       Tailslap          ||     1
Throw: Throwing net      ||     2
Dodge: Dodged            ||     1
